 Dungeon Crawl Stone Soup version 0.17.1-1-g73c8601 (webtiles) character file.

1539516 Runnr the Conqueror (level 27, -100/199 HPs)
             Began as a Gargoyle Fighter on Jan 5, 2016.
             Was the Champion of Makhleb.
             Killed by Shatter
             ... invoked by Vengug the pandemonium lord
              (189 damage)
             ... on level 12 of the Dungeon on Jan 6, 2016.
             The game lasted 14:08:31 (144213 turns).

Runnr the Conqueror (Gargoyle Fighter)            Turns: 144213, Time: 14:09:01

Health: -100/199   AC: 58    Str: 24    XL:     27
Magic:  46/50      EV: 33    Int: 10    God:    Makhleb [******]
Gold:   15187      SH: 35    Dex: 24    Spells: 14 memorised, 25 levels left

rFire  + + +     SeeInvis .     Y - +9 sacred scourge (holy)
rCold  + + +     Clarity  .     T - +10 plate armour {rF+}
rNeg   + + +     SustAt   +     w - +8 large shield {reflect}
rPois  ∞         Gourm    .     I - -2 hat of the Alchemist {rElec rPois rF+ rC+ rN+ MR+ rMut rCorr}
rElec  +         Spirit   .     A - +2 cloak {MR+}
rCorr  +         Warding  +     h - +2 pair of gloves of Laok {rC+ rN+ Regen+ Int+3}
rMut   +         Stasis   .     q - +2 pair of boots {Stlth+}
MR     +++++                    O - amulet of warding
Stlth  ..........               S - ring "Aplimn" {SustAt rC+ Dex+3 Slay+3}
                                E - ring "Raihel" {rF+ rC++ Dex+3 Slay+3}

@: about to teleport, very slightly contaminated, hasted, deflect missiles, very
quick, almost entirely resistant to hostile enchantments, extremely unstealthy
A: big wings, repulsion field 1, deformed body, dopey 1, magic resistance 1,
negative energy resistance 1, screaming 1, electricity resistance, slow
regeneration 1, unbreathing, petrification resistance, rot immunity, AC +20
a: Fly, Minor Destruction, Lesser Servant of Makhleb, Major Destruction, Greater
Servant of Makhleb, Renounce Religion
0: Orb of Zot
}: 15/15 runes: serpentine, barnacled, slimy, silver, golden, iron, obsidian,
icy, bone, abyssal, demonic, glowing, magical, fiery, dark


You were on level 12 of the Dungeon.
You worshipped Makhleb.
Makhleb was exalted by your worship.
You were not hungry.

You visited 17 branches of the dungeon, and saw 94 of its levels.
You visited Pandemonium 4 times, and saw 36 of its levels.
You visited the Abyss 5 times.
You visited 1 bazaar.
You also visited: Labyrinth and Bailey.

You collected 20460 gold pieces.
You spent 4801 gold pieces at shops.

Inventory:

Hand Weapons
 M - the +5 demon whip "Spellbinder" {antimagic, MR+}
   (You found it on level 7 of the Iron City of Dis)

   It disrupts the flow of magical energy around spellcasters and certain
   magical creatures (including the wielder).
   It affects your resistance to hostile enchantments.
 Y - a +9 sacred scourge of holy wrath (weapon)
Armour
 h - the +2 pair of gloves of Laok (worn) {rC+ rN+ Regen+ Int+3}
   (You found it in Pandemonium)

   It affects your intelligence (+3).
   It protects you from cold.
   It protects you from negative energy.
   It increases your rate of regeneration.
 q - a +2 pair of boots of stealth (worn)
 w - a +8 large shield of reflection (worn)
 A - a +2 cloak of magic resistance (worn)
 I - the -2 hat of the Alchemist (worn) {rElec rPois rF+ rC+ rN+ MR+ rMut rCorr}
   (You found it on level 5 of the Vaults)

   It protects you from fire.
   It protects you from cold.
   It insulates you from electricity.
   It protects you from poison.
   It protects you from negative energy.
   It affects your resistance to hostile enchantments.
   It protects you from acid and corrosion.
   It protects you from mutation.
 T - a +10 plate armour of fire resistance (worn)
Jewellery
 g - an uncursed amulet of the gourmand
 E - the ring "Raihel" (left hand) {rF+ rC++ Dex+3 Slay+3}
   (You took it off a vault warden on level 5 of the Vaults)

   [ring of protection from fire]

   It affects your dexterity (+3).
   It affects your accuracy and damage with ranged weapons and melee attacks
   (+3).
   It protects you from fire.
   It greatly protects you from cold.
 N - an uncursed ring of teleportation
 O - an amulet of warding (around neck)
 S - the ring "Aplimn" (right hand) {SustAt rC+ Dex+3 Slay+3}
   (You found it in Pandemonium)

   [ring of sustain attributes]

   It sustains your strength, intelligence and dexterity.
   It affects your dexterity (+3).
   It affects your accuracy and damage with ranged weapons and melee attacks
   (+3).
   It protects you from cold.
Wands
 F - a wand of digging (18)
 L - a wand of heal wounds (0)
 X - a wand of teleportation (3)
Scrolls
 c - 25 scrolls of identify
 f - 39 scrolls of remove curse
 k - 4 scrolls of enchant armour
 o - 5 scrolls of summoning
 r - 5 scrolls of blinking
 s - 13 scrolls of recharging
 y - 14 scrolls of magic mapping
 z - 8 scrolls of fear
 D - 7 scrolls of silence
 G - 30 scrolls of teleportation
 K - 23 scrolls of amnesia
 Q - 7 scrolls of fog
 U - 3 scrolls of holy word
 Z - 6 scrolls of enchant weapon
Potions
 a - a potion of flight
 b - 7 potions of invisibility
 d - 6 potions of might
 e - 14 potions of haste
 i - 10 potions of brilliance
 j - 7 potions of resistance
 l - 5 potions of agility
 m - 8 potions of berserk rage
 t - 20 potions of curing
 u - 16 potions of heal wounds
 C - 7 potions of magic
 H - 5 potions of cure mutation
 V - 5 potions of cancellation
Miscellaneous
 n - a disc of storms
 p - a legendary deck of defence {the Blade, drawn: 2}
 v - a legendary deck of wonders {Wild Magic, drawn: 10}
 J - an ornate deck of defence {the Helm, drawn: 2}
 R - an ornate deck of changes {the Shadow}
Comestibles
 x - a beef jerky
 B - 26 meat rations
 W - 11 bread rations


   Skills:
 O Level 27 Fighting
   Level 11.0(19.7) Axes
 O Level 27 Maces & Flails
 O Level 27 Armour
 O Level 27 Dodging
 - Level 25.0 Shields
 + Level 23.3 Spellcasting
 - Level 2.7 Hexes
 - Level 19.2 Charms
 + Level 11.4 Necromancy
 - Level 11.2 Translocations
 - Level 13.8 Air Magic
 - Level 8.0 Invocations
 O Level 27 Evocations


You had 25 spell levels left.
You knew the following spells:

 Your Spells              Type           Power        Failure   Level  Hunger
a - Apportation           Tloc           ####......   1%          1    None
b - Blink                 Tloc           N/A          1%          2    None
c - Swiftness             Chrm/Air       #####...     1%          2    None
d - Passage of Golubria   Tloc           N/A          1%          4    #......
e - Teleport Other        Tloc           ####....     1%          3    None
f - Portal Projectile     Tloc           ####..       1%          3    None
g - Haste                 Chrm           ######..     1%          6    ######.
h - Deflect Missiles      Chrm/Air       #####.....   2%          6    ######.
i - Phase Shift           Tloc           ####......   3%          5    ####...
j - Silence               Hex/Air        ####......   12%         5    ####...
r - Regeneration          Chrm/Necr      #####.....   1%          3    None
s - Song of Slaying       Chrm           ######..     0%          2    None
R - Repel Missiles        Chrm/Air       #####.       1%          2    None
S - Spectral Weapon       Hex/Chrm       ####....     1%          3    None


Dungeon Overview and Level Annotations

Branches:
Dungeon (15/15)            Temple (0/1) D:7            Lair (8/8) D:9
 Shoals (4/4) Lair:5        Snake (4/4) Lair:6        Slime (6/6) Lair:8
    Orc (4/4) D:12            Elf (3/3) Orc:3        Vaults (5/5) D:14
  Crypt (3/3) Vaults:3       Tomb (3/3) Crypt:3      Depths (5/5) D:15
   Hell (1/1)                 Dis (7/7) Hell            Geh (7/7) Hell
    Coc (7/7) Hell            Tar (7/7) Hell            Zot (5/5) Depths:5

Altars:
Cheibriados
Dithmenos
Makhleb
Okawaru
Ru
Trog
Xom
Yredelemnul
The Shining One
Beogh
Jiyva
Lugonu

Shops:
D:4 }   D:8 ?   D:9 (   D:13 ?   Orc:2 }   Orc:4 ([((!   Elf:2 ?}   Snake:1 :
Snake:2 :   Snake:3 }   Vaults:4 [

Portals:
Hell: Depths:1 Depths:2 Depths:3 Depths:4 Depths:5
Abyss: Depths:2 Depths:3 Depths:4
Pandemonium: Depths:3 Depths:4
Ziggurat: Depths:4

Annotations:
D:3 Caphalor's ghost, amateur MiBe
D:4 Herrn's ghost, amateur NaFi
Shoals:4 Herrn's ghost, adept NaFi
Snake:4 exclusion: Roxanne, Roxanne
Orc:4 Saint Roka


Innate Abilities, Weirdness & Mutations

You are resistant to torment.
Your stone body is resilient (AC +20).
You are immune to poison.
Your large and strong wings let you fly indefinitely.
You resist negative energy.
You are resistant to electric shocks.
You can survive without breathing.
You are immune to petrification.
You are immune to rotting.
You are surrounded by a mild repulsion field (EV +2).
Armour fits poorly on your strangely shaped body.
You are dopey. (Int -2)
You are resistant to hostile enchantments.
You occasionally shout uncontrollably at your foes.
You regenerate slowly when monsters are visible.


Message History

Read which item? (? for menu, Esc to quit)
Your blink will be uncontrolled - continue anyway?
The Orb prevents control of your translocation!
You blink.
As you read the scroll of blinking, it crumbles to dust.
Evoke which item? (* to show all) (? for menu, Esc to quit)
Zapping:
L - a wand of heal wounds (1)
Press: ? - help, Shift-Dir - straight line, f - you You feel much better.
This wand has 0 charges left.
Vengug misses you.
Evoke which item? (* to show all) (? for menu, Esc to quit)
Zapping:
X - a wand of teleportation (4)
Press: ? - help, Shift-Dir - straight line, f - you You feel strangely unstable.
You feel the Orb delaying your translocation!
This wand has 3 charges left.
Vengug gestures.
The dungeon rumbles around Vengug!
You shudder from the earth-shattering force.
Ouch! That really hurt!
You die...

##..(.....#...........##......###
.#............###.....##.........
.#............###.....##.).......
.#.[).....>...<..................
.#..([.......>........##.....###.
.#....................##########.
.'.........)..3#......##......#..
.#........#....&##....##......#..
##.......##.....@......#......#..
##.......#............##...####.#
.#....................###'#####.#
##........#.....#.#...##....#.(..
##................#.####>...'....
##.......##.......# # #.....#....
##.......##.......# #.....#.(..
.......).#........# #.....#....
.......))##.>....## ##...##..##


You could see Vengug and a neqoxec.

Vanquished Creatures
  Cerebov (Pan)
  Antaeus (Coc:7)
  Asmodeus (Geh:7)
  the royal jelly (Slime:6)
  Dissolution (Slime:3)
  Ereshkigal (Tar:7)
  Gloorx Vloq (Pan)
  the Serpent of Hell (Geh:7)
  Mnoleg (Pan)
  Lom Lobon (Pan)
  Dispater (Dis:7)
  7 orbs of fire
  Mennas (Pan)
  4 ancient liches
  A juggernaut (Depths:4)
  27 greater mummies
  19 pandemonium lords (Pan)
  The ghost of Musteatbrain the Executioner, a veteran DsFi of Qazlal (Depths:3)
  7 shard shrikes
  Norris (Depths:2)
  Vashnia (Snake:2)
  2 Killer Klowns (Zot:5)
  5 curse toes
  The ghost of gooby the Slayer, an adept MiBe of Trog (Slime:6)
  Geryon (Hell)
  12 golden dragons
  A profane servitor (Crypt:2)
  Jory (Tomb:2)
  2 pearl dragons (Pan)
  21 bone dragons
  50 Brimstone Fiends
  27 liches
  A hellephant (Pan)
  A shard shrike zombie (Crypt:2)
  Jorgrun (Crypt:3)
  25 tentacled monstrosities
  4 electric golems
  18 Hell Sentinels
  37 Ice Fiends
  The ghost of murphy the Warrior, an adept CeHu of Fedhas (Depths:2)
  The ghost of loom the Slayer, an adept MiBe of Trog (Shoals:4)
  6 titans
  45 Shadow Fiends
  2 deep elf master archers (Elf:3)
  11 quicksilver dragons
  27 Orb Guardians
  2 deep elf blademasters (Elf:3)
  16 acid blobs
  A titan (shapeshifter) (Vaults:4)
  6 death cobs
  11 sphinxes
  41 Executioners
  4 krakens
  Gastronok (Lair:1)
  11 tentacled starspawn
  10 eldritch tentacles
  Agnes (Snake:3)
  11 ancient champions
  Frances (Elf:1)
  Kirke (Lair:5)
  17 shadow dragons
  16 storm dragons
  13 azure jellies
  2 draconian monks
  7 tengu reavers
  Ilsuiw (Shoals:4)
  5 revenants
  23 daevas (Pan)
  9 greater nagas
  25 fire giants
  A ghost moth (shapeshifter) (Depths:4)
  Donald (Shoals:1)
  2 draconian knights
  14 chaos champions (Pan)
  6 draconian scorchers
  17 frost giants
  14 iron dragons
  An orc warlord (Vaults:1)
  10 deep elf sorcerers
  Aizul (Snake:2)
  4 draconian shifters
  5 curse skulls
  41 cacodemons
  5 ghost moths
  16 warmongers (Pan)
  60 balrugs
  92 reapers
  3 draconian zealots
  22 vault wardens
  18 ironheart preservers
  14 draconian annihilators
  40 angels (Pan)
  25 ophanim (Pan)
  2 spriggan defenders (Depths:4)
  20 stone giants
  25 war gargoyles
  4 vampire knights
  The ghost of loom the Warrior, a journeyman MiBe of Trog (Lair:8)
  4 elemental wellsprings
  5 draconian callers
  33 apis (Pan)
  12 corrupters (Pan)
  23 very ugly things
  7 salamander firebrands
  14 green draconians
  Nessos (Orc:4)
  9 deep elf demonologists
  15 blood saints (Pan)
  18 black draconians
  20 lorocyprocas
  13 white draconians
  2 bennus (Tomb:3)
  10 mottled draconians
  14 yellow draconians
  12 red draconians
  A dire elephant (Lair:8)
  5 salamander stormcallers
  An ettin (shapeshifter) (Elf:2)
  21 black suns (Pan)
  14 purple draconians
  2 pearl dragon zombies (Crypt:2)
  57 blizzard demons
  19 green deaths
  15 deep elf annihilators
  7 deep elf death magi (Elf:3)
  Snorg (D:10)
  5 eidola
  6 merfolk javelineers
  11 ettins
  12 quicksilver dragon zombies
  A minotaur (Lab)
  10 death oozes
  6 merfolk impalers
  22 mummy priests
  Josephine (Lair:8)
  22 jiangshi
  6 kraken zombies
  25 yaktaur captains
  7 entropy weavers
  17 fire dragons
  Erolcha (D:9)
  41 vault guards
  6 rakshasas
  2 deep elf high priests
  Fannar (D:11)
  Harold (Lair:1)
  18 great orbs of eyes
  29 ice dragons
  13 naga warriors
  6 hell beasts
  6 hydras
  9 quicksilver dragon skeletons
  A hydra (shapeshifter) (Depths:4)
  28 monstrous demonspawn (Pan)
  4 spriggan air magi
  17 ogre magi
  2 ghost crabs
  3 satyrs
  3 catoblepae
  6 merfolk aquamancers
  5 death knights
  4 merfolk avatars
  18 dancing weapons
  A queen ant (Lair:1)
  12 centaur warriors
  9 deep troll shamans
  10 anacondas
  8 vampire magi
  16 death yaks
  13 deep troll earth magi
  6 spriggan berserkers
  10 tengu warriors
  20 thrashing horrors
  16 titan zombies
  18 hell hogs
  12 naga sharpshooters
  121 sun demons
  8 shock serpents
  A fire crab (shapeshifter) (Abyss:1)
  An orc high priest (Depths:1)
  29 iron golems
  Sonja (D:14)
  43 death scarabs
  9 titan skeletons
  9 wretched stars
  5 storm dragon zombies
  74 hell knights
  241 skeletal warriors
  19 shadow wraiths
  2 fire crabs
  26 deep trolls
  91 soul eaters
  17 deep elf knights
  4 spatial maelstroms (Abyss:3)
  26 anaconda zombies
  8 golden dragon zombies
  A quicksilver dragon simulacrum (Coc:4)
  8 ghost moth zombies
  4 unseen horrors
  9 giant orange brains
  8 wizards
  23 sea snakes
  21 iron trolls
  3 storm dragon skeletons
  19 cherubim (Pan)
  6 deep elf summoners
  31 gelid demonspawn (Pan)
  42 shadow demons
  2 death drakes (Tar:7)
  6 salamander mystics
  6 naga ritualists
  23 torturous demonspawn (Pan)
  18 necromancers
  2 obsidian statues (Depths:2)
  An orange crystal statue (D:12)
  20 infernal demonspawn (Pan)
  A golden dragon skeleton (Geh:3)
  108 ice devils
  16 phantasmal warriors
  5 hill giants
  14 flayed ghosts
  24 putrid demonspawn
  9 shadow dragon zombies
  24 ironbrand convokers
  12 wolf spider zombies
  17 anaconda skeletons
  7 mana vipers
  19 harpies
  16 anubis guards
  11 iron dragon zombies
  23 moths of wrath
  2 shining eyes (shapeshifter)
  A wolf spider (shapeshifter) (Vaults:4)
  21 orc knights
  An anubis guard (shapeshifter) (Depths:4)
  7 shadow dragon skeletons
  An oklob plant (Lair:8)
  4 wolf spiders
  98 ugly things
  2 salamanders (shapeshifter)
  10 shining eyes
  7 fauns
  17 deep elf conjurers
  10 stone giant zombies
  10 frost giant zombies
  10 manticores
  15 fire giant zombies
  2 orc sorcerers
  3 hornets
  2 octopodes (shapeshifter)
  9 cyclopes
  A sphinx skeleton (Vaults:3)
  20 griffons
  2 cyclopes (shapeshifter) (Vaults:5)
  13 dire elephant zombies
  6 molten gargoyles
  2 stone giant skeletons
  2 worldbinders
  12 sirens
  11 frost giant skeletons
  26 salamanders
  10 guardian serpents
  5 water nymphs
  9 iron dragon skeletons
  4 apis skeletons (Crypt:2)
  11 fire giant skeletons
  Maurice (D:8)
  A gargoyle (D:14)
  47 black mambas
  47 orange demons
  4 human skeletons
  84 rust devils
  20 elephants
  72 hellions
  5 apocalypse crabs
  2 guardian serpents (shapeshifter)
  3 shock serpent zombies
  51 sixfirhies
  4 ice statues
  80 smoke demons
  14 vault sentinels
  Psyche (D:8)
  A black mamba (shapeshifter) (Vaults:3)
  An eye of devastation (Lair:8)
  10 dire elephant skeletons
  19 naga magi
  A spiny frog (shapeshifter) (Abyss:3)
  A shock serpent skeleton (Geh:1)
  72 tormentors
  9 spiny frogs
  55 yaktaurs
  26 efreet
  An elf zombie (Vaults:5)
  A catoblepas zombie (Dis:6)
  4 tengu conjurers
  A golden dragon simulacrum (Coc:1)
  5 komodo dragons
  A komodo dragon (shapeshifter) (Vaults:3)
  An elf skeleton (Vaults:5)
  30 demonic crawlers
  2 redback zombies
  5 emperor scorpion zombies
  5 silent spectres
  46 hellwings
  3 catoblepas skeletons
  A kobold demonologist (D:14)
  105 red devils
  A ghost moth simulacrum (Coc:7)
  An entropy weaver zombie (Depths:1)
  4 fire drakes
  6 harpy zombies
  A queen bee (Abyss:3)
  44 guardian mummies
  10 ancient zymes
  12 deep elf priests
  32 hydra zombies
  5 polar bears
  10 raiju (Abyss:3)
  7 trolls
  57 freezing wraiths
  65 blue devils
  3 anaconda simulacra
  2 two-headed ogres (shapeshifter)
  34 two-headed ogres
  A white draconian skeleton (Coc:1)
  A merfolk (shapeshifter) (Depths:5)
  18 merfolk
  3 wind drakes
  Grinder (D:3)
  Prince Ribbit (D:7)
  15 fire dragon zombies
  11 hydra skeletons
  17 ushabtiu
  21 blink frogs
  A guardian serpent zombie (Crypt:1)
  4 harpy skeletons
  2 frost giant simulacra
  13 ice dragon zombies
  12 alligator zombies
  20 ettin zombies
  132 slime creatures
  13 snapping turtles
  2 stone giant simulacra
  2 air elementals
  6 boulder beetles
  82 ynoxinuls
  10 redbacks
  A guardian serpent skeleton (Crypt:1)
  4 black mamba zombies
  44 starcursed masses
  Sigmund (D:2)
  9 fire dragon skeletons
  165 flying skulls
  4 human simulacra
  6 alligator skeletons
  A trapdoor spider (D:14)
  30 water elementals
  28 deep elf magi
  29 fire elementals
  44 shadows
  2 centaur simulacra (D:15)
  8 ice dragon skeletons
  29 yaks
  3 tarantellas
  14 ettin skeletons
  60 wraiths
  4 fire bats (Abyss:3)
  A fire bat (shapeshifter) (Vaults:5)
  A hippogriff (shapeshifter) (Vaults:3)
  34 deep elf fighters
  A spriggan (Depths:4)
  4 wyverns
  4 black mamba skeletons
  27 vampires
  30 golden eyes
  A steam dragon (shapeshifter) (Depths:4)
  Grum (Lair:1)
  20 vampire mosquitoes
  92 large abominations
  2 hogs (Lair:5)
  55 nagas
  12 hippogriffs
  4 basilisks
  A wind drake skeleton (Crypt:2)
  42 chaos spawn
  Menkaure (D:7)
  8 hungry ghosts
  A mottled dragon (D:11)
  A deep troll zombie (Crypt:3)
  A monstrous demonspawn zombie (Coc:2)
  97 neqoxecs
  6 wargs
  22 wolves
  24 small abominations
  An emperor scorpion simulacrum (Coc:2)
  8 insubstantial wisps
  2 mottled dragons (shapeshifter)
  13 human zombies
  An orb spider zombie (Crypt:3)
  96 hell hounds
  20 soldier ants (Lair:1)
  A putrid demonspawn zombie (Geh:4)
  13 water moccasins
  4 spatial vortices
  A fire dragon simulacrum (Crypt:3)
  A porcupine (shapeshifter) (Depths:4)
  A sky beast (D:15)
  3 torturous demonspawn skeletons
  7 porcupines
  16 spiny frog zombies
  A water nymph skeleton (Crypt:1)
  4 alligator simulacra
  A lindwurm zombie (Crypt:2)
  6 swamp dragon zombies
  12 ice beasts
  43 necrophages
  9 spiny frog skeletons
  3 manticore zombies
  An ettin simulacrum (Crypt:1)
  11 eyes of draining
  5 black bears (shapeshifter)
  2 wasps
  15 snapping turtle zombies
  9 black bears
  17 phantoms
  3 hydra simulacra
  54 ogres
  2 manticore skeletons
  27 centaurs
  A boggart (Depths:4)
  10 snapping turtle skeletons
  2 swamp dragon skeletons
  58 orc warriors
  18 crocodiles
  3 big kobolds
  7 brain worms
  A big kobold (shapeshifter) (Vaults:4)
  22 giant frogs
  A wyvern zombie (Crypt:3)
  7 scorpions
  A spiny frog simulacrum (Coc:5)
  A troll zombie (Dis:1)
  2 spriggan zombies
  21 killer bees
  5 troll skeletons
  A vampire bat (Orc:1)
  121 wights
  9 quasits
  3 giant frog zombies
  3 centaur zombies
  7 hounds
  18 crimson imps
  5 giant frog skeletons
  A soldier ant zombie (Crypt:3)
  13 centaur skeletons
  29 jellies
  Crazy Yiuf (D:7)
  10 iguanas
  26 orc priests
  48 orc wizards
  Jessica (D:3)
  50 iron imps
  27 worker ants
  3 naga zombies
  39 sheep
  A hound skeleton (D:7)
  A tengu skeleton (Geh:3)
  57 mummies
  2 worker ant zombies
  13 gnolls (Bailey)
  An ogre simulacrum (Crypt:3)
  15 adders
  44 river rats
  A swamp drake zombie (Crypt:3)
  21 shadow imps
  36 white imps
  4 ufetubi (Abyss:3)
  4 oozes
  An adder zombie (D:6)
  A giant eyeball (Pan)
  A lava snake zombie (Crypt:3)
  A sheep skeleton (Crypt:1)
  An adder skeleton (D:6)
  8 worms
  4 giant geckos
  220 orcs
  2 ball pythons (Lair:6)
  4 giant cockroaches
  11 goblins
  18 hobgoblins
  11 jackals
  42 kobolds
  2 quokkas
  17 bats
  6 giant newts
  A gnoll skeleton (Crypt:1)
  A goblin skeleton (Crypt:1)
  2 kobold skeletons
  An orc zombie (Geh:6)
  A quokka skeleton (D:7)
  10 rats
  8 bushes (Lair:8)
  2 crawling corpses (Vaults:5)
  2 fire vortices
  4 fungi
  2 plants
  16 starspawn tentacles
  25 tentacles
  A tentacle segment (Shoals:1)
7740 creatures vanquished.

Vanquished Creatures (collateral kills)
  An acid blob (Slime:6)
  Polyphemus (Shoals:3)
  Wiglaf (Vaults:2)
  A frost giant (Depths:3)
  2 azure jellies
  Louise (Snake:2)
  A stone giant (Vaults:2)
  2 deep elf demonologists (Elf:3)
  A deep elf annihilator (Elf:3)
  2 merfolk javelineers (Shoals:1)
  A death ooze (Slime:1)
  A great orb of eyes (Slime:5)
  A merfolk avatar (Shoals:1)
  An alligator (shapeshifter) (Elf:1)
  A deep troll shaman (Depths:2)
  A deep troll (Depths:2)
  A hell knight (Depths:2)
  A skeletal warrior (Hell)
  A naga ritualist (Snake:2)
  4 shining eyes
  A mana viper (Snake:2)
  30 slime creatures
  2 fauns (Shoals:1)
  A guardian serpent (shapeshifter) (Slime:5)
  A yaktaur (Vaults:2)
  4 merfolk
  2 snapping turtles (Shoals:1)
  3 water elementals
  A deep elf mage (Elf:3)
  A vampire mosquito (Vaults:2)
  2 golden eyes (Slime:2)
  A naga (Snake:2)
  A spiny frog zombie (Hell)
  A spiny frog skeleton (Hell)
  An ogre (Depths:2)
  8 jellies
86 creatures vanquished.

Vanquished Creatures (others)
  A seraph (Pan)
  A lich (Tomb:2)
  A death cob (Zot:2)
  An eldritch tentacle (Pan)
  A sphinx (Vaults:5)
  A tengu reaver (Depths:4)
  The ghost of Arkorax the Warrior, an adept VSBe of Trog (Snake:4)
  A storm dragon (Zot:5)
  A revenant (Tomb:2)
  2 fire giants
  A very ugly thing (Vaults:5)
  An elemental wellspring (Coc:7)
  A green draconian (Zot:5)
  A salamander stormcaller (Vaults:5)
  A lorocyproca (Hell)
  2 blizzard demons (Pan)
  A deep elf high priest (Elf:3)
  An ice dragon (Coc:7)
  A vampire mage (Depths:4)
  A death yak (Lair:8)
  A shadow wraith (Vaults:3)
  4 death scarabs (Tomb:2)
  2 cherubim (Pan)
  A wizard (Pan)
  2 ball lightnings (Pan)
  A phantasmal warrior (Geh:7)
  An ugly thing (Vaults:2)
  A shock serpent zombie (Dis:3)
  A vault sentinel (Vaults:5)
  2 sixfirhies
  3 yaktaurs
  A hellwing (Pan)
  2 red devils
  A redback (Vaults:2)
  A flying skull (Tomb:3)
  A water elemental (Coc:7)
  A fire elemental (Hell)
  A human (Lair:5)
  2 shadows (Geh:3)
  A spiny frog zombie (Dis:5)
  An orc warrior (Depths:1)
  A tengu (Elf:3)
  An ogre (Depths:1)
  2 killer bees (Abyss:3)
  A crimson imp (D:12)
  A starcursed mass (Abyss:1)
  An orc wizard (D:8)
  2 orc priests (Orc:4)
  An iron imp (Dis:4)
  4 mummies (Tomb:2)
  A worm (shapeshifter) (Vaults:5)
  2 orcs
  265 eldritch tentacle segments
  5 fungi
  4 lost souls
  17 plants
  56 spectral weapons
  10 starspawn tentacles
  137 starspawn tentacle segments
  129 tentacles
  5747 tentacle segments
6440 creatures vanquished.

Grand Total: 14266 creatures vanquished

Notes
Turn   | Place    | Note
--------------------------------------------------------------
     0 | D:1      | Runnr the Gargoyle Fighter began the quest for the Orb.
     0 | D:1      | Reached XP level 1. HP: 14/14 MP: 1/1
    57 | D:1      | Reached XP level 2. HP: 17/19 MP: 2/2
   896 | D:2      | Reached XP level 3. HP: 23/23 MP: 3/3
  1441 | D:2      | Reached XP level 4. HP: 27/29 MP: 4/4
  1456 | D:2      | Reached skill level 4 in Shields
  1609 | D:2      | Noticed Sigmund
  1616 | D:2      | Killed Sigmund
  1616 | D:2      | Reached skill level 1 in Dodging
  1616 | D:2      | Reached XP level 5. HP: 15/34 MP: 5/5
  1616 | D:2      | Reached XP level 6. HP: 17/39 MP: 6/6
  1819 | D:3      | Noticed Caphalor's ghost (amateur MiBe)
  2123 | D:3      | Noticed Jessica
  2136 | D:3      | Killed Jessica
  2385 | D:3      | Noticed Grinder
  2392 | D:3      | Paralysed by Grinder for 3 turns
  2406 | D:3      | Killed Grinder
  2406 | D:3      | Reached XP level 7. HP: 26/44 MP: 7/7
  2581 | D:3      | Found a shadowy altar of Dithmenos.
  2879 | D:3      | Found a burning altar of Makhleb.
  2888 | D:3      | Became a worshipper of Makhleb the Destroyer
  2984 | D:4      | Noticed Herrn's ghost (amateur NaFi)
  3118 | D:4      | Reached skill level 5 in Shields
  3230 | D:4      | Reached skill level 5 in Fighting
  3377 | D:4      | Found Gipek's Gadget Emporium.
  3644 | D:5      | Entered Level 5 of the Dungeon
  3716 | D:5      | Reached skill level 5 in Armour
  4034 | D:5      | Reached * piety under Makhleb
  4284 | D:5      | Reached XP level 8. HP: 44/50 MP: 8/8
  4921 | D:6      | Reached skill level 6 in Shields
  5326 | D:7      | Reached ** piety under Makhleb
  5438 | D:7      | Noticed Prince Ribbit
  5456 | D:7      | Reached skill level 5 in Axes
  5456 | D:7      | Reached XP level 9. HP: 50/56 MP: 9/9
  5758 | D:7      | Found a flagged portal.
  5779 | Bailey   | Entered a bailey
  6099 | Bailey   | Reached *** piety under Makhleb
  6480 | D:7      | Noticed Crazy Yiuf
  6496 | D:7      | Killed Crazy Yiuf
  6505 | D:7      | Got a warped mace
  6506 | D:7      | Identified the +10 mace of Scorn {antimagic, *Rage Str+3 Stlth+} (You found it on level 7 of the Dungeon)
  6684 | D:7      | Found a staircase to the Ecumenical Temple.
  6690 | D:7      | Noticed Menkaure
  6697 | D:7      | Killed Menkaure
  6741 | D:7      | Reached skill level 1 in Maces & Flails
  6741 | D:7      | Reached skill level 7 in Shields
  7018 | D:7      | Found a sacrificial altar of Ru.
  7025 | D:7      | Killed Prince Ribbit
  7262 | D:8      | Found Istril's Magic Scroll Boutique.
  7269 | D:8      | Bought a scroll of identify for 30 gold pieces
  7269 | D:8      | Bought a scroll of identify for 30 gold pieces
  7272 | D:8      | Gained mutation: You are surrounded by a mild repulsion field (EV +2). [potion of beneficial mutation]
  7273 | D:8      | Gained mutation: You are partially covered in thin metallic scales (AC +2). [potion of beneficial mutation]
  7274 | D:8      | Gained mutation: You can spit weak poison. [potion of beneficial mutation]
  7290 | D:8      | Noticed Psyche
  7299 | D:8      | Killed Psyche
  7299 | D:8      | Reached XP level 10. HP: 44/63 MP: 3/10
  7316 | D:8      | Noticed Maurice
  7335 | D:8      | Killed Maurice
  7335 | D:8      | Reached skill level 5 in Dodging
  7422 | D:8      | Reached skill level 8 in Shields
  7473 | D:8      | Got an ichor-stained trident
  7475 | D:8      | Identified the +6 trident "Tiphafai" {pierce, Str+3 Int+6} (You found it on level 8 of the Dungeon)
  7512 | D:8      | Found a bloodstained altar of Trog.
  7906 | D:8      | Bought a scroll of teleportation for 45 gold pieces
  7975 | D:9      | Found Paeqacha's Weapon Emporium.
  8010 | D:9      | Found a sacrificial altar of Ru.
  8046 | D:9      | Noticed Erolcha
  8061 | D:9      | Killed Erolcha
  8061 | D:9      | Reached **** piety under Makhleb
  8117 | D:9      | Got an ichor-stained helmet
  8146 | D:9      | Identified the +0 helmet of the Hunter {*Contam rN+ Stlth+} (You found it on level 9 of the Dungeon)
  8287 | D:9      | Found a staircase to the Lair.
  8769 | D:10     | Entered Level 10 of the Dungeon
  8796 | D:10     | Noticed Snorg
  8811 | D:10     | Killed Snorg
  8811 | D:10     | Reached XP level 11. HP: 63/69 MP: 3/11
  8887 | D:10     | Reached skill level 9 in Armour
  8990 | D:10     | Reached skill level 5 in Maces & Flails
  9050 | D:10     | Reached ***** piety under Makhleb
  9286 | D:10     | Identified Iskenderun's Almanac of Conjuration
  9657 | D:11     | Noticed a four-headed hydra
  9668 | D:11     | Killed a four-headed hydra
  9699 | D:11     | Noticed Fannar
  9717 | D:11     | Killed Fannar
 10783 | Lair:1   | Entered Level 1 of the Lair of Beasts
 10786 | Lair:1   | Noticed Harold
 10805 | Lair:1   | Killed Harold
 10806 | Lair:1   | Found a snail-covered altar of Cheibriados.
 10913 | Lair:1   | Reached XP level 12. HP: 74/77 MP: 4/12
 10937 | Lair:1   | Noticed Grum
 10941 | Lair:1   | Reached skill level 10 in Armour
 10988 | Lair:1   | Reached skill level 10 in Fighting
 11011 | Lair:1   | Reached skill level 10 in Shields
 11029 | Lair:1   | Reached ****** piety under Makhleb
 11062 | Lair:1   | Killed Grum
 11263 | Lair:1   | Noticed a queen ant
 11311 | Lair:1   | Killed a queen ant
 11631 | Lair:1   | Noticed Gastronok
 11650 | Lair:1   | Killed Gastronok
 12112 | Lair:2   | Reached skill level 11 in Fighting
 12192 | Lair:2   | Reached XP level 13. HP: 74/84 MP: 4/13
 14334 | Lair:5   | Found a staircase to the Shoals.
 15111 | Lair:5   | Reached skill level 12 in Fighting
 15159 | Lair:5   | Gained mutation: Your large and strong wings let you fly indefinitely. [Gargoyle growth]
 15159 | Lair:5   | Reached XP level 14. HP: 92/92 MP: 4/14
 15192 | Lair:5   | Noticed Kirke
 15338 | Lair:5   | Killed Kirke
 16006 | Lair:6   | Found a staircase to the Snake Pit.
 17422 | Lair:8   | Entered Level 8 of the Lair of Beasts
 17422 | Lair:8   | Found a labyrinth entrance.
 17429 | Lab      | Entered a labyrinth
 19258 | Lab      | Identified a +4 rod of ignition (13/13) (You found it in a labyrinth)
 19265 | Lab      | Identified a +1 rod of ignition (14/14) (You found it in a labyrinth)
 19529 | Lair:8   | Noticed loom's ghost (journeyman MiBe)
 19535 | Lair:8   | Reached skill level 10 in Maces & Flails
 19551 | Lair:8   | Killed loom's ghost
 19655 | Lair:8   | Found a staircase to the Slime Pits.
 19830 | Lair:8   | Reached skill level 10 in Dodging
 19930 | Lair:8   | Noticed Josephine
 19938 | Lair:8   | Killed Josephine
 19949 | Lair:8   | Reached skill level 13 in Fighting
 20101 | Lair:8   | Reached XP level 15. HP: 98/98 MP: 5/15
 20527 | Lair:8   | Got a jewelled plate armour
 20538 | Lair:8   | Identified the cursed +0 plate armour "Bugebir" {rElec rC+ Int-3 SInv} (You found it on level 8 of the Lair of Beasts)
 20567 | Lair:8   | Learned a level 2 spell: Song of Slaying
 20571 | Lair:8   | Learned a level 3 spell: Regeneration
 20575 | Lair:8   | Learned a level 3 spell: Spectral Weapon
 21018 | Lair:8   | Got a brightly glowing spear
 21019 | Lair:8   | Identified the +8 spear of Battle {freeze, +Blink rF++ rC+ MR-} (You found it on level 8 of the Lair of Beasts)
 21540 | D:12     | Noticed an unseen horror
 21577 | D:12     | Killed an unseen horror
 21590 | D:12     | Noticed a four-headed hydra
 21601 | D:12     | Killed a four-headed hydra
 21776 | D:12     | Found a staircase to the Orcish Mines.
 21988 | D:12     | Noticed an orange crystal statue
 22086 | D:12     | Killed an orange crystal statue
 22296 | D:13     | Found a snail-covered altar of Cheibriados.
 22675 | D:13     | Found Nesat's Magic Scroll Shop.
 22678 | D:13     | Bought a scroll of teleportation for 54 gold pieces
 22678 | D:13     | Bought a scroll of identify for 36 gold pieces
 22678 | D:13     | Bought a scroll of identify for 36 gold pieces
 22678 | D:13     | Bought a scroll of identify for 36 gold pieces
 22678 | D:13     | Bought a scroll of identify for 36 gold pieces
 23151 | D:14     | Noticed Sonja
 23279 | D:14     | Killed Sonja
 23429 | D:14     | Found a roughly hewn altar of Beogh.
 23860 | D:14     | Found a gate to the Vaults.
 24008 | D:14     | Got a brightly glowing leather armour
 24021 | D:14     | Identified the +2 leather armour "Ebbic" {+Fly} (You found it on level 14 of the Dungeon)
 24057 | D:15     | Entered Level 15 of the Dungeon
 24090 | D:15     | Got a bronze ring mail
 24107 | D:15     | Identified the cursed +1 ring mail of Diegil {-Tele +Inv Int+6} (You found it on level 15 of the Dungeon)
 24203 | Orc:1    | Entered Level 1 of the Orcish Mines
 24577 | Orc:2    | Reached XP level 16. HP: 95/105 MP: 5/16
 24673 | Orc:2    | Found Gaxih's Gadget Shoppe.
 25200 | Orc:3    | Found a staircase to the Elven Halls.
 26249 | Orc:4    | Entered Level 4 of the Orcish Mines
 26249 | Orc:4    | Noticed Saint Roka
 26313 | Orc:4    | Noticed Nessos
 26327 | Orc:4    | Paralysed by an orc sorcerer for 3 turns
 26334 | Orc:4    | Reached skill level 14 in Fighting
 26393 | Orc:4    | Killed Nessos
 26475 | Orc:4    | Found Lomidil's Antique Armour Shoppe.
 26475 | Orc:4    | Found Bopp's Weapon Boutique.
 26477 | Orc:4    | Found Otacvu's Weapon Shop.
 26479 | Orc:4    | Found Buakiav's Weapon Emporium.
 26503 | Orc:4    | Reached skill level 1 in Invocations
 26580 | Orc:4    | Bought a jewelled plate armour for 644 gold pieces
 26580 | Orc:4    | Bought a pair of embroidered boots for 103 gold pieces
 26580 | Orc:4    | Bought an embroidered cloak for 103 gold pieces
 26580 | Orc:4    | Bought a pair of glowing gloves for 103 gold pieces
 26590 | Orc:4    | Identified the +1 plate armour of Immorality {+Inv +Fly Dex-3 Stlth-} (You bought it in a shop on level 4 of the Orcish Mines)
 26951 | Orc:4    | Found Wuiz's Distillery.
 27723 | Snake:1  | Entered Level 1 of the Snake Pit
 27997 | Snake:1  | Found Samuy's Book Shoppe.
 28082 | Snake:1  | Reached skill level 5 in Invocations
 28558 | Shoals:1 | Entered Level 1 of the Shoals
 28567 | Shoals:1 | Noticed Donald
 28611 | Shoals:1 | Killed Donald
 29013 | Shoals:1 | Noticed a kraken
 29480 | Shoals:1 | Killed a kraken
 29760 | Shoals:2 | Noticed a kraken
 30118 | Shoals:2 | Noticed a kraken
 30477 | Shoals:2 | Killed a kraken
 30685 | Shoals:2 | Reached XP level 17. HP: 62/111 MP: 7/23
 31139 | Shoals:3 | Noticed Polyphemus
 31344 | Shoals:3 | Killed Polyphemus
 31525 | Shoals:3 | Reached skill level 15 in Shields
 32032 | Shoals:3 | Noticed Mara
 32039 | Shoals:3 | Noticed Runnr's illusion
 32051 | Shoals:4 | Entered Level 4 of the Shoals
 32098 | Shoals:4 | Found a flickering gateway to a bazaar.
 32112 | Bazaar   | Entered a bazaar
 32126 | Bazaar   | Found Kizosung's Weapon Emporium.
 32141 | Bazaar   | Found Durijyr's General Store.
 32156 | Bazaar   | Found Dyigy's Antique Weapon Emporium.
 32171 | Bazaar   | Found Guca Rarr's Magic Scroll Emporium.
 32171 | Bazaar   | Found Fuugih's Distillery.
 32175 | Bazaar   | Bought a potion of curing for 42 gold pieces
 32182 | Bazaar   | Bought a scroll of silence for 82 gold pieces
 32182 | Bazaar   | Bought a scroll of blinking for 82 gold pieces
 32182 | Bazaar   | Bought a scroll of recharging for 104 gold pieces
 32182 | Bazaar   | Bought a scroll of teleportation for 33 gold pieces
 32182 | Bazaar   | Bought a scroll of teleportation for 33 gold pieces
 32182 | Bazaar   | Bought a scroll of teleportation for 33 gold pieces
 32245 | Bazaar   | Bought 4 fruits for 48 gold pieces
 32245 | Bazaar   | Bought an uncursed amulet of rage for 320 gold pieces
 32706 | Shoals:4 | Identified the Collected Works on Clay
 32957 | Shoals:4 | Noticed Ilsuiw
 32958 | Shoals:4 | Noticed loom's ghost (adept MiBe)
 33064 | Shoals:4 | Noticed Herrn's ghost (adept NaFi)
 33300 | Shoals:4 | Killed Ilsuiw
 33872 | Shoals:4 | Reached XP level 18. HP: 117/117 MP: 8/24
 33882 | Shoals:4 | Got a barnacled rune of Zot
 33986 | Shoals:4 | Killed loom's ghost
 35239 | Snake:2  | Noticed Aizul
 35316 | Snake:2  | Noticed Louise
 35408 | Snake:2  | Reached skill level 16 in Shields
 35415 | Snake:2  | Killed Louise
 35415 | Snake:2  | Reached skill level 15 in Armour
 35445 | Snake:2  | Reached skill level 15 in Fighting
 35534 | Snake:2  | Killed Aizul
 35544 | Snake:2  | Noticed Vashnia
 35573 | Snake:2  | Killed Vashnia
 35808 | Snake:2  | Identified 2 scrolls of acquirement
 35852 | Snake:2  | Found Kaenocy's Book Shoppe.
 36650 | Snake:2  | Bought a book of Minor Magic for 340 gold pieces
 36653 | Snake:2  | Learned a level 2 spell: Blink
 36656 | Snake:2  | Learned a level 2 spell: Repel Missiles
 36752 | Snake:3  | Reached skill level 1 in Spellcasting
 36752 | Snake:3  | Reached skill level 1 in Translocations
 36817 | Snake:3  | Found Ygump's Gadget Shop.
 37056 | Snake:3  | Noticed Agnes
 37080 | Snake:3  | Killed Agnes
 37595 | Snake:4  | Entered Level 4 of the Snake Pit
 37767 | Snake:4  | Noticed Arkorax's ghost (adept VSBe)
 37954 | Snake:4  | Noticed Roxanne
 38000 | Snake:4  | Found an iron altar of Okawaru.
 38308 | Snake:4  | Killed Arkorax's ghost
 38308 | Snake:4  | Reached XP level 19. HP: 86/124 MP: 25/25
 38558 | Snake:4  | Reached skill level 5 in Spellcasting
 38594 | Snake:4  | Reached skill level 5 in Translocations
 39527 | Snake:4  | Got a serpentine rune of Zot
 40041 | Elf:1    | Entered Level 1 of the Elven Halls
 40231 | Elf:1    | Noticed Frances
 40242 | Elf:1    | Killed Frances
 40931 | Elf:2    | Found Gauc's Gadget Boutique.
 41227 | Elf:2    | Found Tugguf's Magic Scroll Shop.
 41233 | Elf:2    | Bought a scroll of teleportation for 33 gold pieces
 41233 | Elf:2    | Bought a scroll of teleportation for 33 gold pieces
 41424 | Elf:2    | Found a huge runed gate.
 41424 | Elf:2    | Found a huge runed gate.
 41424 | Elf:2    | Found a huge runed gate.
 41424 | Elf:2    | Found a huge runed gate.
 41432 | Elf:2    | Found a huge runed gate.
 41865 | Elf:2    | Reached XP level 20. HP: 117/129 MP: 33/33
 42016 | Elf:3    | Entered Level 3 of the Elven Halls
 42499 | Elf:3    | Gained mutation: You have a pair of small horns on your head. [a cacodemon]
 42506 | Elf:3    | Gained mutation: You are clumsy. (Dex -2) [mutagenic glow]
 42593 | Elf:2    | Reached skill level 10 in Spellcasting
 43072 | Elf:3    | Reached skill level 10 in Translocations
 43518 | Elf:3    | Lost mutation: You can spit weak poison. [helix card]
 43518 | Elf:3    | Gained mutation: You have a pair of horns on your head. [helix card]
 43560 | Elf:3    | Hired Loitucli the tengu for 124 gold.
 43563 | Elf:3    | Drew Focus: Str increased to 23, Int decreased to 9
 43573 | Elf:3    | Got a twisted mace {freeze}
 43574 | Elf:3    | Identified the +3 mace of Fageutaf {freeze, MR++ Int+5 Stlth-} (You took it off a deep elf annihilator on level 3 of the Elven Halls)
 43627 | Elf:3    | Identified the Collected Works on Destructive Fire
 43670 | Elf:3    | Identified The Last Secrets of Magic
 43692 | Elf:3    | Identified the Handbook of the Creative Compass
 43695 | Elf:3    | Learned a level 1 spell: Apportation
 43762 | Elf:3    | Got a brightly glowing flail {crush}
 43768 | Elf:3    | Identified the +7 flail of Intuition {crush, rN+ MR+ Dex+2} (You took it off a deep elf high priest on level 3 of the Elven Halls)
 43896 | Elf:3    | Your ally Loitucli died
 44637 | D:15     | Found a staircase to the Depths.
 44638 | D:15     | Noticed a fire giant
 44843 | D:15     | Found a glowing golden altar of the Shining One.
 45254 | Vaults:1 | Entered Level 1 of the Vaults
 45369 | Vaults:1 | Reached skill level 1 in Charms
 45825 | Vaults:1 | Reached XP level 21. HP: 135/135 MP: 36/36
 46719 | Vaults:2 | Noticed Wiglaf
 47370 | Vaults:2 | Reached skill level 17 in Shields
 47416 | Vaults:2 | Killed Wiglaf
 48591 | Vaults:3 | Reached skill level 5 in Charms
 48739 | Vaults:3 | Reached XP level 22. HP: 143/143 MP: 37/37
 49373 | Vaults:3 | Got a fine ivory ring
 49876 | Vaults:3 | Gained mutation: You are occasionally teleported next to monsters. [a shining eye]
 50037 | Vaults:3 | Found a staircase to the Crypt.
 51251 | Vaults:4 | Lost mutation: You are occasionally teleported next to monsters. [helix card]
 51283 | Vaults:4 | Identified the ring of Xom's Capriciousness {rElec EV+4 Str+7} (You took it off an ironbrand convoker on level 3 of the Vaults)
 51318 | Vaults:4 | Found Deig's Armour Shop.
 51342 | Vaults:4 | Reached skill level 18 in Shields
 52012 | Vaults:4 | Reached XP level 23. HP: 149/149 MP: 38/38
 52330 | D:15     | Killed a fire giant
 52339 | Depths:1 | Entered Level 1 of the Depths
 52445 | Depths:1 | Got a sparkling turquoise ring
 52447 | Depths:1 | Identified the ring "Hero's Friend" {+Blink rN+ AC+2 Str+5} (You found it on level 1 of the Depths)
 52534 | Depths:1 | Found a runed door.
 53156 | Depths:1 | Found a gateway to Hell.
 53541 | Depths:1 | Found a roughly hewn altar of Beogh.
 53694 | Depths:2 | Noticed murphy's ghost (adept CeHu)
 53929 | Depths:2 | Killed murphy's ghost
 54086 | Depths:2 | Found a shimmering altar of Xom.
 54377 | Depths:2 | Noticed Norris
 54395 | Depths:2 | Killed Norris
 54529 | Depths:2 | Found a corrupted altar of Lugonu.
 54529 | Depths:2 | Found a one-way gate to the infinite horrors of the Abyss.
 54585 | Depths:2 | Found a burning altar of Makhleb.
 54656 | Depths:2 | Gained mutation: Scrolls take you a little longer to read. [a neqoxec]
 54788 | Depths:2 | Found a burning altar of Makhleb.
 55071 | Depths:3 | Found a one-way gate leading to the halls of Pandemonium.
 55151 | Depths:3 | Noticed Musteatbrain's ghost (veteran DsFi)
 55206 | Depths:3 | Killed Musteatbrain's ghost
 55206 | Depths:3 | Reached XP level 24. HP: 157/157 MP: 38/38
 55228 | Depths:3 | Reached skill level 19 in Shields
 56416 | Depths:4 | Reached skill level 10 in Charms
 56603 | Depths:4 | Noticed a juggernaut
 56632 | Depths:4 | Killed a juggernaut
 56632 | Depths:4 | Reached skill level 15 in Dodging
 57016 | Depths:4 | Reached XP level 25. HP: 138/164 MP: 38/38
 57066 | Depths:4 | Found a gateway to a ziggurat.
 57357 | Depths:4 | Paralysed by a giant eyeball for 3 turns
 57910 | Depths:4 | Reached skill level 20 in Shields
 58088 | Depths:5 | Entered Level 5 of the Depths
 58577 | Depths:5 | Found a gate to the Realm of Zot.
 58787 | Depths:4 | Lost intelligence.
 60281 | Vaults:5 | Entered Level 5 of the Vaults
 60300 | Vaults:4 | Reached XP level 26. HP: 172/172 MP: 38/38
 60687 | Crypt:1  | Entered Level 1 of the Crypt
 60976 | Crypt:1  | Reached skill level 1 in Hexes
 61555 | Crypt:2  | Got an ancient pewter amulet
 61561 | Crypt:1  | Identified the amulet "Noarphau" {rMut rN+ MR+ Str-3 Int+10} (You found it on level 2 of the Crypt)
 62326 | Crypt:2  | Found a basalt altar of Yredelemnul.
 62564 | Crypt:2  | Reached skill level 15 in Maces & Flails
 62603 | Crypt:3  | Entered Level 3 of the Crypt
 62727 | Crypt:3  | Noticed Jorgrun
 62753 | Crypt:3  | Killed Jorgrun
 63293 | Crypt:3  | Found a staircase to the Tomb.
 63488 | Crypt:3  | Lost mutation: You have a pair of horns on your head. [helix card]
 63488 | Crypt:3  | Gained mutation: You are resistant to hostile enchantments. [helix card]
 63517 | Crypt:3  | Got an ancient hand axe
 63519 | Crypt:3  | Identified the +6 hand axe of Action {chop, rN+} (You found it on level 3 of the Crypt)
 64202 | Elf:2    | Bought a scroll of identify for 22 gold pieces
 64202 | Elf:2    | Bought a scroll of identify for 22 gold pieces
 64202 | Elf:2    | Bought a scroll of identify for 22 gold pieces
 64202 | Elf:2    | Bought a scroll of identify for 22 gold pieces
 64522 | Vaults:5 | Reached skill level 1 in Necromancy
 64594 | Vaults:5 | Reached XP level 27. HP: 179/179 MP: 36/38
 64834 | Vaults:4 | Reached skill level 21 in Shields
 65675 | Vaults:5 | Learned a level 2 spell: Swiftness
 65913 | Vaults:5 | Got a silver rune of Zot
 66056 | Vaults:5 | Got a steaming glass ring
 66246 | Vaults:5 | Identified the ring of Gozag's Hatred {rF++ rC- MR+ Str+3 Stlth-} (You took it off a deep elf demonologist on level 5 of the Vaults)
 66390 | Vaults:5 | Got a faintly glowing bone ring
 66397 | Vaults:5 | Identified the ring "Raihel" {rF+ rC++ Dex+3 Slay+3} (You took it off a vault warden on level 5 of the Vaults)
 66438 | Vaults:5 | Identified the Handbook of Moulding (You found it on level 5 of the Vaults)
 66461 | Vaults:5 | Identified Uduc's Handbook of Burning Battle Magic
 68062 | Slime:1  | Entered Level 1 of the Pits of Slime
 68118 | Slime:1  | Found a viscous altar of Jiyva.
 69160 | Slime:3  | Noticed Dissolution
 69172 | Slime:3  | Killed Dissolution
 69354 | Slime:4  | Reached skill level 10 in Axes
 69994 | Slime:6  | Entered Level 6 of the Pits of Slime
 70061 | Slime:6  | Gained mutation: You expend magic power (3 MP) to strengthen your wands. [a shining eye]
 70168 | Slime:6  | Noticed gooby's ghost (adept MiBe)
 70256 | Slime:6  | Killed gooby's ghost
 70455 | Slime:6  | Noticed the royal jelly
 70517 | Slime:6  | Killed the royal jelly
 70605 | Slime:6  | Got a transparent crystal plate armour
 70617 | Slime:6  | Identified the cursed +0 crystal plate armour of Vicuucy {rN+++ Int-5 Stlth+} (You found it on level 6 of the Pits of Slime)
 70653 | Slime:6  | Got a slimy rune of Zot
 70718 | Slime:6  | Got a bloodstained whip
 70720 | Slime:6  | Identified the +0 whip of Bloodstone {holy, *Corrode Str+4 Dex+3} (You found it on level 6 of the Pits of Slime)
 70724 | Slime:6  | Got a spiked shield
 70735 | Slime:6  | Identified the +0 shield of Suimosti {SInv} (You found it on level 6 of the Pits of Slime)
 72015 | Depths:2 | Voluntarily entered the Abyss.
 72222 | Abyss:3  | Reached skill level 1 in Evocations
 72349 | Abyss:3  | Got a warped hand axe
 72352 | Abyss:3  | Identified the +9 hand axe of Light {chop, Int+4 Dex+4 SInv} (You found it on level 3 of the Abyss)
 72569 | Abyss:3  | Found a corrupted altar of Lugonu.
 72912 | Abyss:3  | Found an opulent altar of Gozag.
 72964 | Abyss:3  | Found an opulent altar of Gozag.
 73089 | Abyss:3  | Got an abyssal rune of Zot
 73123 | Abyss:3  | Paralysed by accursed screaming for 1 turns
 73250 | Abyss:3  | Identified the Collected Works on Confrontation and the Snowflakes (You found it on level 3 of the Abyss)
 73534 | Abyss:3  | Reached skill level 22 in Shields
 74164 | Abyss:3  | Paralysed by you for 4 turns
 74208 | Abyss:3  | Lost intelligence.
 74430 | Depths:2 | Escaped the Abyss
 74478 | Depths:4 | Reached skill level 5 in Evocations
 74536 | Zot:1    | Entered Level 1 of the Realm of Zot
 77994 | Zot:4    | Reached skill level 23 in Shields
 78332 | Zot:4    | Noticed an orb of fire
 78385 | Zot:4    | Killed an orb of fire
 78958 | Zot:4    | Noticed an orb of fire
 79004 | Zot:4    | Killed an orb of fire
 79595 | Pan      | Entered Pandemonium
 80050 | Pan      | XOM: enchant monster (good)
 80369 | Pan      | Found a glowing silver altar of Zin.
 80439 | Pan      | Reached skill level 10 in Evocations
 81753 | Pan      | Noticed a seraph
 82232 | Pan      | Got a bound turquoise ring
 82234 | Pan      | Identified the ring of Taoshremu {AC+5 Dex+2} (You acquired it in Pandemonium)
 82374 | Pan      | Found a white marble altar of Elyvilon.
 83012 | Pan      | Reached skill level 24 in Shields
 83373 | Pan      | Got a faintly glowing brass ring
 83414 | Pan      | Identified the ring "Yliab" {+/*Tele MP+9 Int+4} (You took it off a cherub in Pandemonium)
 83892 | Pan      | Found a glowing golden altar of the Shining One.
 83904 | Pan      | Got a demonic rune of Zot
 84018 | Pan      | Killed a seraph
 85068 | Pan      | Noticed Enwunism the pandemonium lord
 85311 | Pan      | Killed Enwunism the pandemonium lord
 85474 | Pan      | Found an exit through the horrors of the Abyss.
 86199 | Pan      | Found an exit through the horrors of the Abyss.
 86421 | Pan      | Noticed Bipetes the pandemonium lord
 86435 | Pan      | Killed Bipetes the pandemonium lord
 86435 | Pan      | Reached skill level 25 in Shields
 86460 | Pan      | Gained mutation: You regenerate slowly when monsters are visible. [a cacodemon]
 87686 | Pan      | Noticed Locet the pandemonium lord
 87701 | Pan      | Killed Locet the pandemonium lord
 87789 | Pan      | Found an exit through the horrors of the Abyss.
 88697 | Pan      | Found a runed door.
 88849 | Pan      | Found an exit through the horrors of the Abyss.
 89485 | Pan      | Noticed Xeffaqyd the pandemonium lord
 89507 | Pan      | Killed Xeffaqyd the pandemonium lord
 89555 | Pan      | Noticed Eloludu the pandemonium lord
 89642 | Pan      | Killed Eloludu the pandemonium lord
 89647 | Pan      | Found an exit through the horrors of the Abyss.
 90104 | Pan      | Gained mutation: Your magical capacity is low (-10% MP). [a cacodemon]
 90411 | Pan      | Gained mutation: You are frail (-10% HP). [a neqoxec]
 90671 | Pan      | Noticed Koalilo the pandemonium lord
 90686 | Pan      | Killed Koalilo the pandemonium lord
 90965 | Pan      | Found an exit through the horrors of the Abyss.
 90986 | Pan      | Learned a level 4 spell: Passage of Golubria
 90990 | Pan      | Learned a level 3 spell: Teleport Other
 90994 | Pan      | Learned a level 3 spell: Portal Projectile
 91696 | Pan      | Took an exit into the Abyss.
 91696 | Abyss:1  | Escaped into the Abyss
 91714 | Abyss:1  | Reached skill level 15 in Evocations
 91778 | Abyss:1  | Reached skill level 26 in Armour
 91839 | Depths:4 | Escaped the Abyss
 92755 | Snake:2  | Bought a book of Enchantments for 850 gold pieces
 92762 | Snake:2  | Learned a level 6 spell: Haste
 92769 | Snake:2  | Learned a level 6 spell: Deflect Missiles
 93333 | Pan      | Entered Pandemonium
 93471 | Pan      | Found an exit through the horrors of the Abyss.
 93725 | Pan      | Noticed Ramijuy the pandemonium lord
 93799 | Pan      | Killed Ramijuy the pandemonium lord
 93970 | Pan      | Found an exit through the horrors of the Abyss.
 93998 | Pan      | Lost mutation: You are clumsy. (Dex -2) [potion of cure mutation]
 93998 | Pan      | Lost mutation: Your magical capacity is low (-10% MP). [potion of cure mutation]
 93998 | Pan      | Lost mutation: You are frail (-10% HP). [potion of cure mutation]
 93999 | Pan      | Lost mutation: You have a pair of small horns on your head. [potion of cure mutation]
 93999 | Pan      | Lost mutation: You are partially covered in thin metallic scales (AC +2). [potion of cure mutation]
 93999 | Pan      | Lost mutation: Scrolls take you a little longer to read. [potion of cure mutation]
 93999 | Pan      | Lost mutation: You expend magic power (3 MP) to strengthen your wands. [potion of cure mutation]
 94910 | Pan      | Found an exit through the horrors of the Abyss.
 95180 | Pan      | Found an exit through the horrors of the Abyss.
 96008 | Pan      | Noticed Ysudock the pandemonium lord
 96019 | Pan      | Killed Ysudock the pandemonium lord
 96101 | Pan      | Noticed Atimedgh the pandemonium lord
 96112 | Pan      | Killed Atimedgh the pandemonium lord
 96349 | Pan      | Found an exit through the horrors of the Abyss.
 96479 | Pan      | Found a gateway to a ziggurat.
 96590 | Pan      | Noticed Xoatunt the pandemonium lord
 96611 | Pan      | Killed Xoatunt the pandemonium lord
 96664 | Pan      | Found an exit through the horrors of the Abyss.
 97372 | Pan      | Noticed Otismyon the pandemonium lord
 97383 | Pan      | Killed Otismyon the pandemonium lord
 97860 | Pan      | Got an ivory battleaxe
 98157 | Pan      | Found an exit through the horrors of the Abyss.
 98313 | Pan      | Found a huge runed gate.
 98323 | Pan      | Noticed Kaawkaq the pandemonium lord
 98345 | Pan      | Killed Kaawkaq the pandemonium lord
 98533 | Pan      | Noticed Rixotup the pandemonium lord
 98595 | Pan      | Killed Rixotup the pandemonium lord
 99352 | Pan      | Found an exit through the horrors of the Abyss.
 99750 | Pan      | Entered the realm of Cerebov.
100111 | Pan      | Got a pair of ancient gloves
100122 | Pan      | Identified the +2 pair of gloves of Laok {rC+ rN+ Regen+ Int+3} (You found it in Pandemonium)
100259 | Pan      | Identified the Volume of Transformation (You found it in Pandemonium)
100459 | Pan      | Identified Ekhlur's Grimoire of Stones
100743 | Pan      | Got a faintly glowing bronze ring
100762 | Pan      | Noticed Cerebov
100835 | Pan      | Killed Cerebov
100947 | Pan      | Got a fiery rune of Zot
101019 | Pan      | Identified the ring of Morality {Str+3 Slay+2} (You took it off an efreet in Pandemonium)
101033 | Pan      | Found an exit through the horrors of the Abyss.
101259 | Pan      | Got a smoking greatsling
101261 | Pan      | Identified the +6 greatsling of Goivijy {flame, rN+ Dex+2} (You found it in Pandemonium)
101481 | Pan      | Noticed Ivolut the pandemonium lord
101501 | Pan      | Killed Ivolut the pandemonium lord
102022 | Pan      | Found an exit through the horrors of the Abyss.
102409 | Pan      | Entered the realm of Gloorx Vloq.
102722 | Pan      | Noticed Gloorx Vloq
102734 | Pan      | Killed Gloorx Vloq
102734 | Pan      | Reached skill level 27 in Fighting
102753 | Pan      | Got a dark rune of Zot
102926 | Pan      | Found an exit through the horrors of the Abyss.
103331 | Pan      | Found an exit through the horrors of the Abyss.
103490 | Pan      | Noticed Vafarang the pandemonium lord
103495 | Pan      | Killed Vafarang the pandemonium lord
104149 | Pan      | Noticed Merch the pandemonium lord
104194 | Pan      | Reached skill level 15 in Charms
104206 | Pan      | Killed Merch the pandemonium lord
104318 | Pan      | Entered the realm of Lom Lobon.
104560 | Pan      | Noticed Lom Lobon
104588 | Pan      | Killed Lom Lobon
104660 | Pan      | Got a magical rune of Zot
105025 | Pan      | Found an exit through the horrors of the Abyss.
105910 | Pan      | Took an exit into the Abyss.
105910 | Abyss:1  | Escaped into the Abyss
105970 | Depths:3 | Escaped the Abyss
106001 | Hell     | Entered the Vestibule of Hell
106001 | Hell     | Noticed Geryon
106060 | Hell     | Killed Geryon
106300 | Hell     | Found a gateway to the freezing wastes of Cocytus.
106401 | Hell     | Found a gateway to the Iron City of Dis.
106467 | Hell     | Found a gateway to the ashen valley of Gehenna.
106583 | Hell     | Found a gateway to the decaying netherworld of Tartarus.
106760 | Tar:1    | Entered Level 1 of Tartarus
110475 | Tar:7    | Entered Level 7 of Tartarus
110777 | Tar:7    | Noticed an ancient lich
110784 | Tar:7    | Killed an ancient lich
111087 | Tar:7    | Reached skill level 15 in Spellcasting
111134 | Tar:7    | Gained mutation: Armour fits poorly on your strangely shaped body. [mutagenic glow]
111260 | Tar:7    | Noticed Ereshkigal
111305 | Tar:7    | Killed Ereshkigal
111354 | Tar:7    | Got a bone rune of Zot
111420 | Tar:7    | Noticed an ancient lich
111434 | Tar:7    | Killed an ancient lich
111591 | Tar:7    | Identified Rurolai's Reference Book on Ashen Moulding (You found it on level 7 of Tartarus)
111977 | Tar:7    | Identified the Grimoire of Toxins and Lightness
112161 | Geh:1    | Entered Level 1 of Gehenna
114447 | Geh:3    | Reached skill level 1 in Air Magic
116539 | Geh:5    | Reached skill level 5 in Air Magic
118081 | Geh:7    | Entered Level 7 of Gehenna
118397 | Geh:7    | Noticed the Serpent of Hell
118429 | Geh:7    | Killed the Serpent of Hell
118857 | Geh:7    | Got a translucent golden ring
118859 | Geh:7    | Identified the ring "Gypluy" {Wiz rN+ Int+4 Dex+2} (You found it on level 7 of Gehenna)
119207 | Geh:7    | Noticed Asmodeus
119235 | Geh:7    | Killed Asmodeus
119300 | Geh:7    | Got an obsidian rune of Zot
119861 | Geh:3    | Reached skill level 10 in Air Magic
120445 | Snake:1  | Bought Okiqi's Compendium of the Mutagenic Traveller for 1424 gold pieces
120451 | Snake:1  | Learned a level 5 spell: Phase Shift
120936 | Coc:1    | Entered Level 1 of Cocytus
124501 | Coc:7    | Entered Level 7 of Cocytus
125565 | Coc:7    | Noticed Antaeus
125774 | Coc:7    | Killed Antaeus
125833 | Coc:7    | Got an icy rune of Zot
126032 | Coc:7    | Reached skill level 27 in Maces & Flails
126066 | Coc:7    | Identified the Tome of Bewitchment and the Birds
126074 | Coc:7    | Learned a level 5 spell: Silence
126261 | Dis:1    | Entered Level 1 of the Iron City of Dis
127635 | Dis:2    | Reached skill level 27 in Armour
131201 | Dis:7    | Entered Level 7 of the Iron City of Dis
132735 | Dis:7    | Got a scorched glass ring
133049 | Dis:7    | Noticed Dispater
133072 | Dis:7    | Killed Dispater
133098 | Dis:7    | Got a fine glass ring
133100 | Dis:7    | Identified the ring of the First Gods {rPois rF+ Int+2 Slay+3 SInv} (You found it on level 7 of the Iron City of Dis)
133105 | Dis:7    | Identified the ring of Qukublom {Str+4 Dex+3 Stlth+} (You found it on level 7 of the Iron City of Dis)
133116 | Dis:7    | Got an iron rune of Zot
133308 | Pan      | Entered Pandemonium
133465 | Pan      | Got a faintly glowing amber ring
133639 | Pan      | Found an exit through the horrors of the Abyss.
133962 | Pan      | Found a huge runed gate.
134090 | Pan      | Identified the ring of Makhleb's Condemnation {Ice rPois Str+4} (You took it off a putrid demonspawn in Pandemonium)
134126 | Pan      | Found an exit through the horrors of the Abyss.
134226 | Pan      | Found an exit through the horrors of the Abyss.
134875 | Pan      | Noticed Biost the pandemonium lord
134889 | Pan      | Killed Biost the pandemonium lord
134902 | Pan      | Noticed Xachip the pandemonium lord
134932 | Pan      | Paralysed by a giant eyeball for 2 turns
134935 | Pan      | Killed Xachip the pandemonium lord
134939 | Pan      | Entered the realm of Mnoleg.
134986 | Pan      | Gained mutation: You occasionally shout uncontrollably at your foes. [a cacodemon]
135159 | Pan      | Noticed Mnoleg
135210 | Pan      | Noticed Mennas
135237 | Pan      | Paralysed by a giant eyeball for 3 turns
135245 | Pan      | Killed Mennas
135255 | Pan      | Paralysed by a giant eyeball for 4 turns
135266 | Pan      | Lost intelligence.
135334 | Pan      | Killed Mnoleg
135530 | Pan      | Got a glowing rune of Zot
135604 | Pan      | Found an exit through the horrors of the Abyss.
135817 | Pan      | Took an exit into the Abyss.
135817 | Abyss:1  | Escaped into the Abyss
135842 | Abyss:1  | Reached skill level 27 in Evocations
136021 | Abyss:1  | Found a corrupted altar of Lugonu.
136232 | Abyss:1  | Lost intelligence.
136352 | Abyss:1  | Gained mutation: You are dopey. (Int -2) [mutagenic glow]
136616 | Depths:3 | Escaped the Abyss
136623 | Pan      | Entered Pandemonium
136889 | Pan      | Found an exit through the horrors of the Abyss.
137022 | Pan      | Got a coiled tin ring
137026 | Pan      | Identified the ring "Aplimn" {SustAt rC+ Dex+3 Slay+3} (You found it in Pandemonium)
137269 | Pan      | Noticed Molil the pandemonium lord
137278 | Pan      | Killed Molil the pandemonium lord
137750 | Pan      | Found an exit through the horrors of the Abyss.
137961 | Pan      | Took an exit into the Abyss.
137961 | Abyss:1  | Escaped into the Abyss
138037 | Abyss:1  | Found a corrupted altar of Lugonu.
138064 | Depths:3 | Escaped the Abyss
138430 | Tomb:1   | Entered Level 1 of the Tomb of the Ancients
139661 | Tomb:2   | Noticed Jory
139716 | Tomb:2   | Killed Jory
140712 | Tomb:3   | Entered Level 3 of the Tomb of the Ancients
141090 | Tomb:3   | Reached skill level 27 in Dodging
141399 | Tomb:3   | Reached skill level 5 in Necromancy
141507 | Tomb:3   | Identified the Collected Works on Harmful Calling
141555 | Tomb:3   | Got a vibrating golden amulet
141557 | Tomb:3   | Identified the amulet of Xufras {rCorr rC- rN+ Dex+2} (You found it on level 3 of the Tomb of the Ancients)
141564 | Tomb:3   | Identified Carih's Grimoire of Feathery Transmutation
141617 | Tomb:3   | Got a golden rune of Zot
142715 | Zot:5    | Entered Level 5 of the Realm of Zot
142994 | Zot:5    | Noticed an ancient lich
143007 | Zot:5    | Killed an ancient lich
143024 | Zot:5    | Noticed an orb of fire
143025 | Zot:5    | Noticed an orb of fire
143041 | Zot:5    | Killed an orb of fire
143068 | Zot:5    | Killed an orb of fire
143095 | Zot:5    | Noticed an orb of fire
143128 | Zot:5    | Killed an orb of fire
143225 | Zot:5    | Noticed an orb of fire
143226 | Zot:5    | Noticed an orb of fire
143255 | Zot:5    | Killed an orb of fire
143255 | Zot:5    | Reached skill level 10 in Necromancy
143304 | Zot:5    | Killed an orb of fire
143378 | Zot:5    | Noticed an ancient lich
143387 | Zot:5    | Killed an ancient lich
143840 | Zot:5    | Got the Orb of Zot
144198 | D:12     | Noticed Vengug the pandemonium lord
144213 | D:12     | Killed from afar by Vengug the pandemonium lord

Action                   |  1- 3 |  4- 6 |  7- 9 | 10-12 | 13-15 | 16-18 | 19-21 | 22-24 | 25-27 || total
-------------------------+-------+-------+-------+-------+-------+-------+-------+-------+-------++-------
Melee: War axe           |   113 |    92 |   499 |       |       |       |       |       |       ||   704
       Mace              |       |       |    74 |   922 |  2043 |  2170 |       |       |       ||  5209
       Rod               |       |       |       |       |    22 |       |       |       |       ||    22
       Demon whip        |       |       |       |       |       |   859 |  1493 |    17 |  4711 ||  7080
       Flail             |       |       |       |       |       |       |  1327 |  2740 |  1645 ||  5712
       Morningstar       |       |       |       |       |       |       |       |       |   927 ||   927
       Sacred scourge    |       |       |       |       |       |       |       |       | 14199 || 14199
       Broad axe         |       |       |       |       |       |       |       |       |   305 ||   305
       Hand axe          |       |       |       |       |       |       |       |       |    64 ||    64
       Unarmed           |       |       |       |       |       |       |       |       |     5 ||     5
 Cast: Apportation       |       |       |       |       |       |       |     1 |     1 |       ||     2
       Song of Slaying   |       |       |       |       |       |       |       |       |    79 ||    79
       Spectral Weapon   |       |       |       |       |       |       |       |       |    97 ||    97
       Regeneration      |       |       |       |       |       |       |       |       |    62 ||    62
       Blink             |       |       |       |       |       |       |       |       |     6 ||     6
       Haste             |       |       |       |       |       |       |       |       |    26 ||    26
       Phase Shift       |       |       |       |       |       |       |       |       |    14 ||    14
       Swiftness         |       |       |       |       |       |       |       |       |    12 ||    12
       Repel Missiles    |       |       |       |       |       |       |       |       |     8 ||     8
       Deflect Missiles  |       |       |       |       |       |       |       |       |     3 ||     3
       Portal Projectile |       |       |       |       |       |       |       |       |     1 ||     1
Invok: Lesser Servant of |       |       |       |       |       |    27 |    26 |    19 |     4 ||    76
 Abil: Spit Poison       |       |       |       |       |       |     2 |       |       |       ||     2
       Fly               |       |       |       |       |       |     1 |       |       |     9 ||    10
       Evoke Berserk Rag |       |       |       |       |       |       |       |     1 |       ||     1
       Stop Flying       |       |       |       |       |       |       |       |     1 |     9 ||    10
       Evoke Teleportati |       |       |       |       |       |       |       |       |     6 ||     6
Evoke: Rod               |       |       |       |       |     4 |       |       |       |       ||     4
       Wand              |       |       |       |       |     3 |     3 |       |       |    17 ||    23
       Deck              |       |       |       |       |       |       |     3 |     5 |     8 ||    16
       Disc of storms    |       |       |       |       |       |       |       |       |   321 ||   321
       Horn of Geryon    |       |       |       |       |       |       |       |       |     1 ||     1
  Use: Potion            |       |     1 |     5 |     3 |       |    23 |       |     3 |    18 ||    53
       Scroll            |       |       |    14 |     2 |    19 |    21 |     8 |     8 |    67 ||   139
 Stab: Sleeping          |       |       |       |    14 |       |       |       |       |       ||    14
       Paralysed         |       |       |       |     2 |       |       |       |       |       ||     2
       Distracted        |       |       |       |     1 |       |     5 |     5 |     2 |    39 ||    52
       Petrified         |       |       |       |       |     3 |       |       |       |       ||     3
       Petrifying        |       |       |       |       |       |       |       |       |     2 ||     2
       Confused          |       |       |       |       |       |       |       |       |     1 ||     1
  Eat: Chunk             |     2 |     3 |    18 |    32 |    71 |    76 |    38 |    31 |   495 ||   766
       Fruit             |       |       |       |       |     5 |     9 |       |     2 |    42 ||    58
       Pizza             |       |       |       |       |     2 |     1 |       |       |     9 ||    12
       Royal jelly       |       |       |       |       |     1 |     1 |       |       |     9 ||    11
       Beef jerky        |       |       |       |       |       |       |       |       |     8 ||     8
       Bread ration      |       |       |       |       |       |       |       |       |    19 ||    19
